 Dungeon Crawl Stone Soup version 0.17-a0-1996-gd2c0ec8 (webtiles) character file.

158 truemonolith the Magician (level 5, 0/28 HPs)
             Began as a Deep Elf Conjurer on Oct 7, 2015.
             Slain by an ogre
             ... wielding a +0 giant spiked club
              (28 damage)
             ... on level 3 of the Dungeon.
             The game lasted 00:09:29 (2975 turns).

truemonolith the Magician (Deep Elf Conjurer)       Turns: 2975, Time: 00:09:29

Health: 0/28       AC:  8    Str:  5    XL:     5   Next: 16%
Magic:  3/16       EV: 13    Int: 21    God:
Gold:   183        SH:  0    Dex: 15    Spells: 3 memorised, 10 levels left

rFire  . . .     SeeInvis .     l - +1 flail (protect)
rCold  . . .     Clarity  .     a - +0 robe
rNeg   . . .     SustAt   .     (no shield)
rPois  .         Gourm    .     (no helmet)
rElec  .         Spirit   .     (no cloak)
rCorr  .         Warding  .     t - +0 pair of gloves
rMut   .         Stasis   .     (no boots)
MR     .....                    (no amulet)
Stlth  ++........               (no ring)
                                (no ring)

@: not resistant to hostile enchantments, unstealthy
A: no striking features
a: no special abilities


You were on level 3 of the Dungeon.
You were not hungry.

You visited 1 branch of the dungeon, and saw 3 of its levels.

You collected 183 gold pieces.

Inventory:

Hand Weapons
 i - a +2 dagger of speed
 l - a +1 flail of protection (weapon)
Armour
 a - a +0 robe (worn)
 t - a +0 pair of gloves (worn)
Scrolls
 e - 2 scrolls of fear {unknown}
 h - 4 scrolls of identify {unknown}
 j - a scroll of magic mapping {unknown}
 n - a scroll of recharging {unknown}
 r - a scroll of remove curse {unknown}
 s - 3 scrolls of enchant armour {unknown}
Potions
 d - a potion of heal wounds
 f - a potion of lignification {unknown}
 g - a potion of curing {unknown}
 m - a potion of degeneration {unknown}
 q - a potion of haste {unknown}
Books
 b - a book of Conjurations

   Spells                             Type                      Level
   a - Magic Dart                     Conjuration                  1
   b - Searing Ray                    Conjuration                  2
   c - Dazzling Spray                 Conjuration/Hexes            3
   d - Fulminant Prism                Conjuration/Hexes            4
   e - Iskenderun's Mystic Blast      Conjuration                  4
   f - Iskenderun's Battlesphere      Conjuration/Charms           5
Comestibles
 c - 2 bread rations
 k - a beef jerky
 o - a meat ration
 p - a royal jelly


   Skills:
 - Level 2.4 Dodging
 - Level 2.4 Stealth
 * Level 7.3 Spellcasting
 - Level 4.3 Conjurations


You had 10 spell levels left.
You knew the following spells:

 Your Spells              Type           Power        Failure   Level  Hunger
a - Magic Dart            Conj           ####         1%          1    None
b - Dazzling Spray        Conj/Hex       ###.....     12%         3    None
c - Iskenderun's Mystic   Conj           ####....     17%         4    ###....


Dungeon Overview and Level Annotations

Branches:
Dungeon (3/15)

Altars:
Ashenzari
Gozag
Kikubaaqudgha


Message History

The spray of energy hits the ogre.
The ogre is moderately wounded.
The ogre is dazzled.
Casting: Dazzling Spray
Confirm with . or Enter, or press ? or * to list all spells.
Aiming: Magic Dart
Press: ? - help, Shift-Dir - straight line, f/p - ogre
Aim: an ogre, wielding a giant spiked club (moderately wounded, blind)
The magic dart hits the ogre.
The ogre is moderately wounded.
Casting: Magic Dart
Confirm with . or Enter, or press ? or * to list all spells.
Aiming: Magic Dart
Press: ? - help, Shift-Dir - straight line, f/p - ogre
Aim: an ogre, wielding a giant spiked club (moderately wounded, blind)
The magic dart hits the ogre.
The ogre is moderately wounded.
The ogre hits you with a giant spiked club!!
Ouch! That really hurt!
You die...

#.##.## #.####.####.#.....####
..#.#.######.####.####.#..).###
#
##.###..............##....†.).#
# #.##
##.........###......####.# #
##.###†.####...##.##)###.# .# #
###.#.#.##.........#.# #.# .. #
.....##.#.†###....##.###.# ..#
####>##.#.##.....O#......# ..#
#.##.#)#)....@...## ... ...
#.##...##......#..# #.. ..)
#.###...###....##.# ### #.#
###........) ... #.# ###..##$##
### #.# #...### #.# #.#.. #.#
#. . #.#### #.#


You could see an ogre (blind).

Vanquished Creatures
  Jessica (D:3)
  3 gnolls
  3 adders
  2 oozes
  3 giant geckos
  A giant cockroach (D:1)
  13 hobgoblins
  10 kobolds
  A quokka (D:2)
  2 ball pythons (D:2)
  9 bats
  5 giant newts (D:2)
  5 goblins
  10 rats
68 creatures vanquished.

Notes
Turn   | Place    | Note
--------------------------------------------------------------
     0 | D:1      | truemonolith the Deep Elf Conjurer began the quest for the Orb.
     0 | D:1      | Reached XP level 1. HP: 10/10 MP: 6/6
   279 | D:1      | Reached XP level 2. HP: 15/15 MP: 3/8
  1070 | D:2      | Found a shattered altar of Ashenzari.
  1089 | D:2      | Found an opulent altar of Gozag.
  1089 | D:2      | Found an ancient bone altar of Kikubaaqudgha.
  1172 | D:2      | Reached skill level 5 in Spellcasting
  1172 | D:2      | Reached XP level 3. HP: 15/19 MP: 4/11
  1730 | D:1      | Reached skill level 6 in Spellcasting
  1730 | D:1      | Reached XP level 4. HP: 6/24 MP: 0/14
  2276 | D:2      | Learned a level 3 spell: Dazzling Spray
  2281 | D:2      | Learned a level 4 spell: Iskenderun's Mystic Blast
  2521 | D:3      | Noticed Jessica
  2526 | D:3      | Killed Jessica
  2647 | D:3      | Noticed an ogre
  2664 | D:2      | Reached skill level 7 in Spellcasting
  2846 | D:3      | Reached XP level 5. HP: 28/28 MP: 14/16
  2975 | D:3      | Slain by an ogre

Vault maps used:
D:1:      lemuel_arrival_tunnels
D:2:      gammafunk_temple_overflow_forgotten
D:3:      minmay_three_crescents, uniq_jessica

Action                   |  1- 3 |  4- 6 || total
-------------------------+-------+-------++-------
Melee: Flail             |       |     2 ||     2
 Cast: Magic Dart        |    98 |    57 ||   155
       Dazzling Spray    |       |     4 ||     4
  Use: Potion            |     1 |       ||     1
  Eat: Chunk             |     2 |       ||     2
       Bread ration      |       |     1 ||     1
